 Seeded DCSS version 0.30-a0-377-g5cb311bc9f (webtiles) character file.

Game seed: 16745848877469712179 (custom seed)

167589 purpskrrrp the Imperceptible (level 17, -21/99 HPs)
             Began as a Spriggan Brigand on Nov 28, 2022.
             Was the Champion of Jiyva.
             Shot with an arrow by a satyr (35 damage)
             ... on level 4 of the Shoals.
             The game lasted 01:14:14 (24180 turns).

purpskrrrp the Imperceptible (Spriggan Brigand)    Turns: 24180, Time: 01:14:14

Health: -21/99     AC: 12    Str: 11    XL:     17   Next: 31%
Magic:  36/36      EV: 43    Int: 20    God:    Jiyva [******]
Gold:   159        SH:  5    Dex: 31    Spells: 25/29 levels left

rFire   + . .      SeeInvis +    q - +12 dagger of Uqoemi Hobby {protect, MP+9}
rCold   . . .      Faith    .    (no shield)
rNeg    + . .      Spirit   .    F - +1 robe of Vines {NoPotionHeal Regen++++}
rPois   +          Reflect  +    N - +2 hat {Stlth+}
rElec   +          Harm     .    r - +0 cloak "Ocyjic" {Rampage rN+ Int+6}
rCorr   +          Rampage  +    (gloves unavailable)
Will    +....                    (boots unavailable) Stlth *+++++++++
                                 I - amulet of reflection
HPRegen 5.16/turn                e - +6 ring of strength
MPRegen 0.75/turn                a - ring of the Coward {rElec rPois EV+4 Int+2}

@: weak-willed, afraid, marked, under a protective aura, calling ooze, very
quick
A: very small, no large weapons, unfitting armour, see invisible, speed 3,
talons 3, agile 2, fire resistance 1, robust 1, wild magic 1, pseudopods 1,
tendrils
a: Renounce Religion, Oozemancy, Slimify


You were on level 4 of the Shoals.
You worshipped Jiyva.
Jiyva was exalted by your worship.
You visited 5 branches of the dungeon, and saw 27 of its levels.
You visited 1 bazaar.
You also visited: Sewer, Bailey and Ice Cave.

You collected 2011 gold pieces.
You spent 1852 gold pieces at shops.

Inventory:

Hand Weapons
 b - a +3 quick blade of venom
 q - the +12 dagger of Uqoemi Hobby (weapon) {protect, MP+9}
   (You took it off a kobold on level 2 of the Dungeon)

   It grants its wielder temporary protection when it strikes (+7 to AC).
   MP:        It affects your magic capacity (+9).
 W - the +11 whip "Himmoo" {vorpal, Dex+2}
   (You found it in an ice cave)

   It inflicts extra damage upon your enemies.
   Dex:       It affects your dexterity (+2).
Missiles
 d - 65 poisoned darts
 g - 7 atropa-tipped darts
 T - 4 throwing nets
 X - 4 curare-tipped darts
Armour
 r - the +0 cloak "Ocyjic" (worn) {Rampage rN+ Int+6}
   (You found it on level 3 of the Dungeon)

   Int:       It affects your intelligence (+6).
   rN:        It protects you from negative energy.
   Rampage:   It bestows one free step when moving towards enemies.
 A - +2 fire dragon scales
 F - the +1 robe of Vines (worn) {NoPotionHeal Regen++++}
   (You found it on level 7 of the Dungeon)

   Its wearer cannot be healed by potions.
   Regen:     It increases your rate of health regeneration.
 N - a +2 hat of stealth (worn)
 Z - a +2 cloak of stealth
Jewellery
 a - the ring of the Coward (right hand) {rElec rPois EV+4 Int+2}
   (You bought it in a shop in a bazaar)

   [ring of evasion]

   EV:        It affects your evasion (+4).
   Int:       It affects your intelligence (+2).
   rElec:     It insulates you from electricity.
   rPois:     It protects you from poison.
 c - an amulet of guardian spirit
 e - a +6 ring of strength (left hand)
 f - a ring of magical power
 u - a ring of willpower
 x - a ring of protection from fire
 B - a ring of protection from fire
 I - an amulet of reflection (around neck)
Wands
 m - a wand of acid (10)
 p - a wand of charming (4)
 E - a wand of mindburst (11)
 K - a wand of flame (33)
 P - a wand of roots (5)
Scrolls
 y - 2 scrolls of magic mapping
 J - 4 scrolls of butterflies
 L - 6 scrolls of teleportation
Potions
 h - a potion of ambrosia {unknown}
 l - 2 potions of might
 n - 2 potions of flight
 o - 3 potions of haste
 w - 6 potions of heal wounds
 z - 3 potions of resistance
 G - 4 potions of berserk rage
 H - 3 potions of curing
 M - a potion of cancellation


   Skills:
 + Level 10.5 Fighting
 + Level 13.5 Short Blades
 - Level 2.0 Throwing
 + Level 3.5 Armour
 + Level 15.6 Dodging
 * Level 25.5 Stealth
 - Level 6.6 Spellcasting
 * Level 16.1 Hexes


You had 25 spell levels left.
You knew the following spells:

 Your Spells              Type           Power      Damage    Failure   Level
a - Cause Fear            Hex            37%        N/A       1%          4

Your spell library contained the following spells:

 Spells                   Type           Power      Damage    Failure   Level
 Tukima's Dance           Hex            75%        N/A       1%          3
 Inner Flame              Hex/Fire       50%        N/A       2%          3
 Leda's Liquefaction      Hex/Erth       25%        N/A       6%          4
 Foxfire                  Conj/Fire      32%        2x1d5     14%         1
 Sandblast                Erth           16%        2d6       14%         1
 Yara's Violent Unravell  Hex/Tmut       25%        3d11      14%         5
 Passwall                 Tmut/Erth      6%         N/A       22%         2
 Hailstorm                Conj/Ice       8%         3d4       38%         3
 Ozocubu's Armour         Ice            8%         N/A       38%         3
 Stone Arrow              Conj/Erth      16%        3d8       38%         3
 Discord                  Hex            37%        N/A       73%         8
 Airstrike                Air            4%         2d(1-17)  77%         4
 Animate Dead             Necr           8%         N/A       77%         4
 Ice Form                 Ice/Tmut       8%         N/A       77%         4
 Passage of Golubria      Tloc           8%         N/A       77%         4
 Summon Lightning Spire   Summ/Air       8%         N/A       77%         4
 Blade Hands              Tmut           4%         N/A       97%         5
 Borgnjor's Vile Clutch   Necr/Erth      4%         N/A       97%         5
 Fireball                 Conj/Fire      4%         3d4       97%         5
 Irradiate                Conj/Tmut      4%         3d13      97%         5
 Lee's Rapid Deconstruct  Erth           4%         3d5*      97%         5
 Lightning Bolt           Conj/Air       4%         1d15      97%         5
 Conjure Ball Lightning   Conj/Air       4%         3x3d7     100%        6
 Death Channel            Necr           4%         N/A       100%        6
 Simulacrum               Ice/Necr       4%         N/A       100%        6
 Starburst                Conj/Fire      4%         6d3       100%        6
 Statue Form              Tmut/Erth      5%         N/A       100%        6
 Dragon Form              Tmut           4%         N/A       100%        7
 Ozocubu's Refrigeration  Ice            4%         4d8       100%        7
 Disjunction              Tloc           4%         N/A       100%        8
 Chain Lightning          Conj/Air       4%         3d5       100%        9
 Dragon's Call            Summ           4%         N/A       100%        9


Dungeon Overview and Level Annotations

Branches:
Dungeon (15/15)            Temple (1/1) D:5            Lair (5/5) D:9
 Shoals (4/4) Lair:2       Spider (0/4) Lair:2        Slime (0/5) Lair:4
    Orc (2/2) D:11            Elf (0/3) Orc:2        Vaults (0/5) D:14
 Depths (0/4) D:15          Sewer (visited)          Bailey (visited)
  IceCv (visited)

Altars:
Ashenzari
Cheibriados
Dithmenos
Elyvilon
Fedhas
Gozag
Hepliaklqana
Kikubaaqudgha
Makhleb
Nemelex Xobeh
Okawaru
Qazlal
Ru
Sif Muna
Trog
Uskayaw
Vehumet
Wu Jian
Xom
Yredelemnul
Zin
The Shining One

Shops:
D:9 *   Orc:2 :?([   Shoals:2 *   Shoals:3 (

Portals:
Trove: D:13 (give +4 ice dragon scales)

Annotations:
D:8 4 transporters


Innate Abilities, Weirdness & Mutations

You are very small and have problems with some larger weapons.
You are too small for most types of armour.
You have supernaturally acute eyesight. (SInv)
You cover ground extremely quickly. (Speed+++)
You have claws for feet.
You are very agile. (Dex +8, Str/Int -2)
Your flesh is heat resistant. (rF+)
You are robust. (+10% HP)
Your spells are a little harder to cast, but a little more powerful.
Armour fits poorly on your pseudopods.
You are covered in slimy tendrils that may disarm your opponents.


Message History

The wall burns the wind drake!
The wind drake flaps its wings at you. The air twists around and strikes you!!
* * * LOW HITPOINT WARNING * * *
You shudder from the blast and a jelly pops out!
The walls burn the manticore! x2
The dream sheep ruffle their wool and motes of dream dust sparkle, to no effect.
The wall burns the faun!
The walls burn the merfolk!
The merfolk completely misses you.
The walls burn the water nymph!
The water nymph points at you and mumbles some strange words.
The water swirls and strikes you!
* * * LOW HITPOINT WARNING * * *
The walls burn the snapping turtle!
The snapping turtle completely misses you.
Okay, then.
The water nymph attacks as you move away!
You block the water nymph's attack.
Your rockslime seems to regain its courage.
The walls burn the sea snake!
You kill the sea snake!
The satyr plays a frightful melody on his pipes!
The satyr radiates an aura of fear!
The walls burn the faun!
The slime creature hits the faun!!
Your rockslime returns to your side!
The walls burn the faun!
The faun unwields a +0 spear.
The faun wields a +0 sling.
The faun shoots a sling bullet.
The sling bullet hits the slime creature!
The wall burns the satyr!
The satyr unwields a +2 vorpal spear.
The satyr wields a +0 longbow.
The satyr shoots an arrow.
The arrow misses your quicksilver ooze. The arrow completely misses you.
The arrow hits the slime creature!!!
The satyr plays a frightful melody on his pipes!
The satyr radiates an aura of fear!
You resist with some effort.
Your rockslime looks frightened!
The walls burn the faun!
The wall burns the snapping turtle!
The walls burn the merfolk!
The merfolk barely misses you.
The wall burns the satyr!
The satyr unwields a +0 club.
The satyr wields a +0 longbow.
The satyr shoots an arrow.
The arrow closely misses your quicksilver ooze.
The arrow hits you!!
You die...

≈≈≈≈≈≈~~~###.............
≈≈≈≈≈≈~~##....~..##.#....
≈≈≈≈≈~.#....~....#......
≈≈≈≈≈##))....~.......~~~
#..).#..###.....~~..
#.~)##### ###8..#
##..##.# # .... #.c##..#
... ..# #..#J@.t#H....
#..#J.~J~cY...
#.##m.#mccH...
...ct##H#cc... #..#t## †#
cH## .....H tk ... #.##.#
~S Y. / ~. ~~. . #.. ##.


You could see 2 minotaurs, 4 satyrs, 3 snapping turtles, a merfolk, 4 fauns, 2
manticores, a water nymph (ally target), 2 dream sheep, a neutral slime creature
(fleeing) (fellow slime), a friendly rockslime (summoned, fleeing) and a
friendly quicksilver ooze (summoned).

Vanquished Creatures
  Nikola (Shoals:1)
  Kirke (D:15)
  A kraken (Shoals:1)
  Ilsuiw (Shoals:2)
  Nessos (Lair:4)
  A merfolk javelineer (Shoals:2)
  3 merfolk impalers
  A fire dragon (Lair:5)
  Josephine (Orc:2)
  Erolcha (D:13)
  6 hydras (Lair:5)
  3 two-headed ogres
  5 catoblepae
  2 merfolk avatars
  4 centaur warriors
  A boulder beetle (D:13)
  2 satyrs (Shoals:4)
  A merfolk aquamancer (Shoals:3)
  4 death yaks (Lair:2)
  3 orc high priests (Orc:2)
  9 sea snakes
  A skeletal warrior (D:15)
  A bog body (IceCv)
  5 orc knights
  3 wizards
  3 lindwurms (Lair:5)
  10 harpies
  A deep elf pyromancer (D:14)
  8 ugly things
  6 orc sorcerers
  A deep elf zephyrmancer (D:15)
  2 necromancers
  14 manticores
  15 elephants
  5 black mambas
  5 cyclopes
  10 fauns
  11 merfolk sirens
  A centaur zombie (D:15)
  2 gargoyles
  Joseph (D:7)
  3 ice statues
  A cane toad (shapeshifter) (D:14)
  11 cane toads
  5 torpor snails (Lair:5)
  2 rime drakes (Lair:5)
  2 centaur skeletons (D:15)
  5 komodo dragons
  2 freezing wraiths
  2 anaconda simulacra (IceCv)
  3 ice devils (IceCv)
  23 merfolk
  5 trolls
  5 wind drakes
  2 meliai
  4 polar bears
  9 hornets
  Prince Ribbit (Lair:2)
  3 tyrant leeches (Lair:5)
  22 blink frogs
  5 snapping turtles
  7 dream sheep (Lair:3)
  2 shadows
  A vampire (Bailey)
  37 yaks
  3 hogs (D:15)
  2 wyverns
  2 dire elephant simulacra (IceCv)
  5 wraiths
  8 water elementals
  2 fire elementals (D:12)
  3 vampire mosquitoes
  4 basilisks
  A hog (shapeshifter) (D:14)
  A steam dragon (Lair:4)
  2 wargs
  4 harpy simulacra (IceCv)
  15 water moccasins
  Duvessa (D:6)
  2 hydra simulacra (IceCv)
  A hell hound (D:12)
  9 ice beasts
  14 orc warriors
  6 black bears
  A sky beast (D:7)
  11 ogres
  15 wolves
  8 centaurs
  2 phantoms
  2 kobold brigands
  4 scorpions
  17 bullfrogs
  3 gnoll sergeants
  2 necrophages
  4 wights (D:7)
  Dowan (D:6)
  6 killer bees
  7 vampire bats (Bailey)
  8 wolf zombies (Bailey)
  3 howler monkeys
  A lava snake (D:9)
  6 jellies
  Crazy Yiuf (D:2)
  3 hounds
  11 orc priests
  11 iguanas
  2 boggart zombies (D:15)
  12 orc wizards
  A hell rat (Lair:5)
  A wolf simulacrum (IceCv)
  10 adders
  23 gnolls
  A naga simulacrum (IceCv)
  3 river rats
  A shadow imp (D:6)
  4 white imps
  An ufetubus (D:7)
  6 worms
  5 dart slugs
  46 orcs
  5 bats
  14 endoplasms
  7 giant cockroaches
  10 hobgoblins
  6 jackals
  3 quokkas (D:3)
  7 ball pythons
  21 frilled lizards
  5 goblins
  16 kobolds
  26 orc zombies (Bailey)
  9 rats
776 creatures vanquished.

Vanquished Creatures (collateral kills)
  Azrael (D:12)
  2 merfolk impalers (Shoals:2)
  A merfolk aquamancer (Shoals:1)
  2 boulder beetles
  Urug (D:12)
  3 skeletal warriors (D:15)
  An ugly thing (D:15)
  A manticore (Shoals:1)
  A merfolk siren (Shoals:2)
  2 water nymphs
  A gargoyle (D:12)
  A kobold demonologist (D:7)
  A freezing wraith (Lair:2)
  2 ice devils (IceCv)
  2 meliai (D:13)
  5 merfolk
  A wraith (D:12)
  A fire elemental (D:12)
  An orc warrior (D:12)
  An elephant simulacrum (IceCv)
  An orc priest (D:12)
  2 orc wizards (D:12)
  A troll simulacrum (IceCv)
  An orc (D:12)
36 creatures vanquished.

Vanquished Creatures (others)
  2 harpies (Shoals:4)
  A necromancer (D:14)
  2 manticores (D:15)
  An efreet (D:15)
  A troll (D:7)
  A slime creature (D:15)
  A basilisk (D:15)
  2 water moccasins
  A wolf (Lair:4)
  A centaur (D:6)
  3 bullfrogs
  2 hounds
  68 jellies
  An orc priest (Orc:2)
  An iguana (D:6)
  An ufetubus (D:6)
  2 orcs
  3 orc zombies (Bailey)
  36 fungi
  102 plants
  4 tentacles (Shoals:1)
236 creatures vanquished.

Grand Total: 1048 creatures vanquished

Notes
Turn   | Place    | Note
-------+----------+-------------------------------------------
     0 | D:1      | purpskrrrp the Spriggan Brigand began the quest for the
                  | Orb.
     0 | D:1      | Reached XP level 1. HP: 10/10 MP: 2/2
    94 | D:1      | Reached skill level 6 in Stealth
   453 | D:1      | Reached XP level 2. HP: 15/15 MP: 3/3
  1155 | D:2      | Reached XP level 3. HP: 12/18 MP: 4/4
  1829 | D:2      | Found a runed translucent door.
  1830 | D:2      | Noticed Crazy Yiuf
  2021 | D:2      | Reached skill level 7 in Stealth
  2021 | D:2      | Reached XP level 4. HP: 23/23 MP: 5/5
  2061 | D:2      | Found a white marble altar of Elyvilon.
  2112 | D:2      | Identified the +12 dagger of Uqoemi Hobby {protect, MP+9}
  2519 | D:2      | Killed Crazy Yiuf
  2712 | D:3      | Identified the +0 cloak "Ocyjic" {Rampage rN+ Int+6}
  2819 | D:3      | Reached XP level 5. HP: 26/26 MP: 6/6
  2918 | D:3      | Reached skill level 8 in Stealth
  3266 | D:4      | Reached XP level 6. HP: 27/32 MP: 7/7
  3451 | D:4      | Reached skill level 9 in Stealth
  3539 | D:4      | Reached XP level 7. HP: 36/36 MP: 8/8
  4243 | D:5      | Entered Level 5 of the Dungeon
  4270 | D:5      | Found a staircase to the Ecumenical Temple.
  4325 | D:5      | Reached skill level 10 in Stealth
  4395 | D:5      | Reached skill level 5 in Dodging
  5186 | D:5      | Reached skill level 5 in Short Blades
  5186 | D:5      | Reached XP level 8. HP: 42/42 MP: 9/9
  5404 | Temple   | Entered the Ecumenical Temple
  5436 | D:6      | Reached skill level 11 in Stealth
  5570 | D:6      | Reached skill level 12 in Stealth
  5677 | D:6      | Found a glowing drain.
  5684 | Sewer    | Entered a sewer
  5907 | Sewer    | Found a viscous altar of Jiyva.
  6037 | Sewer    | Became a worshipper of Jiyva Jitwa the Shapeless
  6326 | D:6      | Reached XP level 9. HP: 25/46 MP: 10/10
  6492 | D:6      | Reached skill level 13 in Stealth
  6675 | D:6      | Found an iron altar of Okawaru.
  6792 | D:6      | Reached skill level 5 in Fighting
  6931 | D:6      | Noticed Duvessa
  6934 | D:6      | Noticed Dowan
  6945 | D:6      | Killed Duvessa
  6963 | D:6      | Killed Dowan
  7241 | D:7      | Reached skill level 14 in Stealth
  7460 | D:7      | Found a flagged portal.
  7461 | D:7      | Reached * piety under Jiyva
  7475 | Bailey   | Entered a bailey
  7634 | Bailey   | Reached XP level 10. HP: 46/51 MP: 11/11
  7642 | Bailey   | Reached skill level 15 in Stealth
  7882 | Bailey   | Identified the +6 scale mail "Waxuddu" {rElec rPois rC+}
  7908 | Bailey   | Noticed a gargoyle
  7926 | Bailey   | Killed a gargoyle
  7980 | Bailey   | Identified the +1 ring mail of the True Pharaoh {Drain
                  | rN+++ rCorr Int-5}
  8108 | D:7      | Found the +1 robe of Vines {NoPotionHeal Regen++++}
  8119 | D:7      | Noticed a seven-headed hydra
  8349 | D:7      | Noticed Joseph
  8367 | D:7      | Killed Joseph
  8368 | D:7      | Reached skill level 16 in Stealth
  8468 | D:7      | Found a transporter.
  8472 | D:7      | Noticed a deep elf knight
  8485 | D:7      | Found a transporter.
  8624 | D:8      | Reached ** piety under Jiyva
  8866 | D:8      | Found a transporter.
  8869 | D:8      | Found a transporter.
  8918 | D:8      | Found a transporter.
  8920 | D:8      | Found a transporter.
  8949 | D:8      | Found a transporter.
  8956 | D:8      | Found a transporter.
  9020 | D:8      | Found a glowing golden altar of the Shining One.
  9021 | D:8      | Found a shimmering altar of Xom.
  9172 | D:8      | Found a glowing silver altar of Zin.
  9172 | D:8      | Found an opulent altar of Gozag.
  9174 | D:8      | Found a hide-covered altar of Uskayaw.
  9175 | D:8      | Found a shadowy altar of Dithmenos.
  9229 | D:8      | Learned a level 4 spell: Cause Fear
  9235 | D:9      | Noticed a two-headed ogre
  9248 | D:9      | Killed a two-headed ogre
  9249 | D:9      | Reached skill level 17 in Stealth
  9249 | D:9      | Reached skill level 1 in Hexes
  9249 | D:9      | Reached XP level 11. HP: 51/58 MP: 12/12
  9277 | D:9      | Reached skill level 10 in Dodging
  9344 | D:9      | Found Otul's Elemental Accessories.
  9419 | D:9      | Reached *** piety under Jiyva
  9421 | D:9      | Gained mutation: You are covered in slimy tendrils that may
                  | disarm your opponents. [Jiyva's grace]
  9421 | D:9      | Gained mutation: Your natural rate of healing is unusually
                  | fast. [Jiyva's grace]
  9421 | D:9      | Gained mutation: You heal very quickly. [Jiyva's grace]
  9421 | D:9      | Gained mutation: You regenerate. [Jiyva's grace]
  9441 | D:9      | Found a staircase to the Lair.
  9458 | D:9      | Noticed a two-headed ogre
  9470 | D:9      | Killed a two-headed ogre
  9823 | D:10     | Entered Level 10 of the Dungeon
  9989 | D:10     | Reached **** piety under Jiyva
 10813 | D:11     | Reached ***** piety under Jiyva
 10823 | D:11     | Reached skill level 18 in Stealth
 10854 | D:11     | Lost mutation: You regenerate. [Jiyva's grace]
 10854 | D:11     | Gained mutation: Your spells are a little harder to cast,
                  | but a little more powerful. [Jiyva's grace]
 10854 | D:11     | Gained mutation: Your spells are harder to cast, but more
                  | powerful. [Jiyva's grace]
 10854 | D:11     | Gained mutation: Your spells are much harder to cast, but
                  | much more powerful. [Jiyva's grace]
 10854 | D:11     | Gained mutation: You are somewhat resistant to further
                  | mutation. [Jiyva's grace]
 10856 | D:11     | Found a stormy altar of Qazlal.
 10868 | D:11     | Found a staircase to the Orcish Mines.
 10871 | D:11     | Reached skill level 5 in Hexes
 11318 | D:12     | Noticed a brown ugly thing
 11322 | D:12     | Killed a brown ugly thing
 11348 | D:12     | Noticed a boulder beetle
 11413 | D:12     | Killed a boulder beetle
 11526 | D:12     | Noticed a wizard
 11528 | D:12     | Noticed Urug
 11539 | D:12     | Killed a wizard
 11555 | D:12     | Killed Urug
 11570 | D:12     | Reached XP level 12. HP: 50/63 MP: 13/13
 11600 | D:12     | Identified the +4 flail of Midsummer {vorpal, Stlth+}
 11673 | D:12     | Noticed Azrael
 11724 | D:12     | Killed Azrael
 11725 | D:12     | Reached skill level 19 in Stealth
 12195 | D:13     | Noticed a boulder beetle
 12207 | D:13     | Found a sacrificial altar of Ru.
 12226 | D:13     | Killed a boulder beetle
 12242 | D:13     | Noticed Erolcha
 12249 | D:13     | Killed Erolcha
 12276 | D:13     | Reached skill level 10 in Short Blades
 12303 | D:13     | Noticed a boulder beetle
 12305 | D:13     | Killed a boulder beetle
 12438 | D:13     | Found a portal to a secret trove of treasure.
 12668 | D:13     | Reached ****** piety under Jiyva
 12752 | D:13     | Lost mutation: You are somewhat resistant to further
                  | mutation. [potion of mutation]
 12752 | D:13     | Lost mutation: You are covered in slimy tendrils that may
                  | disarm your opponents. [potion of mutation]
 12752 | D:13     | Gained mutation: You have sharp toenails. [potion of
                  | mutation]
 12753 | D:13     | Lost mutation: You have sharp toenails. [potion of
                  | mutation]
 12753 | D:13     | Lost mutation: Your spells are much harder to cast, but
                  | much more powerful. [potion of mutation]
 12753 | D:13     | Lost mutation: You heal very quickly. [potion of mutation]
 12753 | D:13     | Gained mutation: Your muscles are strong. (Str +4, Int/Dex
                  | -1) [potion of mutation]
 12753 | D:13     | Lost mutation: Your natural rate of healing is unusually
                  | fast. [potion of mutation]
 12753 | D:13     | Lost mutation: Your muscles are strong. (Str +4, Int/Dex
                  | -1) [potion of mutation]
 12754 | D:13     | Lost mutation: Your spells are harder to cast, but more
                  | powerful. [potion of mutation]
 12754 | D:13     | Lost mutation: Your spells are a little harder to cast, but
                  | a little more powerful. [potion of mutation]
 12754 | D:13     | Gained mutation: You are weak. (Str -2) [potion of
                  | mutation]
 12754 | D:13     | Gained mutation: You are partially covered in iridescent
                  | scales. (AC +2) [potion of mutation]
 12754 | D:13     | Gained mutation: Your system is resistant to poisons.
                  | (rPois) [potion of mutation]
 12769 | D:14     | Noticed a catoblepas
 12777 | D:14     | Killed a catoblepas
 12834 | D:14     | Lost mutation: You are weak. (Str -2) [Jiyva's grace]
 12834 | D:14     | Gained mutation: Your melee attacks may engulf your foes in
                  | ooze. [Jiyva's grace]
 12834 | D:14     | Gained mutation: You are somewhat resistant to further
                  | mutation. [Jiyva's grace]
 12834 | D:14     | Gained mutation: You are somewhat resistant to both further
                  | mutation and mutation removal. [Jiyva's grace]
 12834 | D:14     | Gained mutation: You are almost entirely resistant to
                  | further mutation and mutation removal. [Jiyva's grace]
 12849 | D:14     | Noticed a catoblepas
 12851 | D:14     | Killed a catoblepas
 12903 | D:14     | Found a glowing golden altar of the Shining One.
 13099 | D:14     | Noticed a centaur warrior
 13101 | D:14     | Noticed a centaur warrior
 13115 | D:14     | Killed a centaur warrior
 13128 | D:14     | Killed a centaur warrior
 13129 | D:14     | Reached skill level 20 in Stealth
 13225 | D:14     | Noticed a two-headed ogre
 13238 | D:14     | Killed a two-headed ogre
 13255 | D:14     | Found a gate to the Vaults.
 13531 | D:15     | Entered Level 15 of the Dungeon
 13579 | D:15     | Reached XP level 13. HP: 68/68 MP: 14/14
 13719 | D:15     | Reached skill level 10 in Hexes
 13742 | D:15     | Found a staircase to the Depths.
 14081 | D:15     | Reached skill level 21 in Stealth
 14200 | D:15     | Noticed Kirke
 14230 | D:15     | Killed Kirke
 15010 | Lair:1   | Entered Level 1 of the Lair of Beasts
 15067 | Lair:1   | Lost mutation: You are almost entirely resistant to further
                  | mutation and mutation removal. [Jiyva's grace]
 15067 | Lair:1   | Lost mutation: Your system is resistant to poisons. (rPois)
                  | [Jiyva's grace]
 15067 | Lair:1   | Gained mutation: Armour fits poorly on your pseudopods.
                  | [Jiyva's grace]
 15067 | Lair:1   | Gained mutation: Armour fits poorly on your large
                  | pseudopods. [Jiyva's grace]
 15067 | Lair:1   | Gained mutation: Armour fits poorly on your massive
                  | pseudopods. [Jiyva's grace]
 15067 | Lair:1   | Gained mutation: You are mostly covered in iridescent
                  | scales. (AC +4) [Jiyva's grace]
 15416 | Lair:2   | Noticed Prince Ribbit
 15449 | Lair:2   | Killed Prince Ribbit
 16033 | Lair:2   | Found a hole to the Spider Nest.
 16049 | Lair:2   | Found a staircase to the Shoals.
 16069 | Lair:2   | Reached XP level 14. HP: 60/74 MP: 15/15
 16189 | Lair:2   | Reached skill level 22 in Stealth
 16817 | Lair:3   | Lost mutation: You are somewhat resistant to both further
                  | mutation and mutation removal. [Jiyva's grace]
 16817 | Lair:3   | Lost mutation: Armour fits poorly on your massive
                  | pseudopods. [Jiyva's grace]
 16817 | Lair:3   | Gained mutation: You have a small jelly attached to you
                  | that senses nearby items. [Jiyva's grace]
 16817 | Lair:3   | Gained mutation: You are completely covered in iridescent
                  | scales. (AC +6) [Jiyva's grace]
 16817 | Lair:3   | Gained mutation: Your flesh is heat resistant. (rF+)
                  | [Jiyva's grace]
 16817 | Lair:3   | Gained mutation: Your flesh is very heat resistant. (rF++)
                  | [Jiyva's grace]
 17378 | Lair:4   | Noticed Nessos
 17423 | Lair:4   | Killed Nessos
 17875 | Lair:4   | Found a staircase to the Slime Pits.
 18074 | Lair:5   | Entered Level 5 of the Lair of Beasts
 18193 | Lair:5   | Lost mutation: You are completely covered in iridescent
                  | scales. (AC +6) [Jiyva's grace]
 18193 | Lair:5   | Lost mutation: Your flesh is very heat resistant. (rF++)
                  | [Jiyva's grace]
 18193 | Lair:5   | Lost mutation: You are somewhat resistant to further
                  | mutation. [Jiyva's grace]
 18193 | Lair:5   | Gained mutation: Your spells are a little harder to cast,
                  | but a little more powerful. [Jiyva's grace]
 18193 | Lair:5   | Gained mutation: Your spells are harder to cast, but more
                  | powerful. [Jiyva's grace]
 18193 | Lair:5   | Gained mutation: Your spells are much harder to cast, but
                  | much more powerful. [Jiyva's grace]
 18193 | Lair:5   | Gained mutation: You have sharp toenails. [Jiyva's grace]
 18206 | Lair:5   | Reached skill level 23 in Stealth
 18421 | Lair:5   | Found a runed translucent door.
 18627 | Lair:5   | Found a frozen archway.
 18643 | IceCv    | Entered an ice cave
 18673 | IceCv    | HP: 3/75 [troll simulacrum (10)]
 18752 | IceCv    | Reached XP level 15. HP: 79/79 MP: 16/16
 18876 | IceCv    | Identified the +11 whip "Himmoo" {vorpal, Dex+2}
 19205 | Lair:5   | Reached XP level 16. HP: 84/84 MP: 25/26
 19414 | Lair:5   | Reached skill level 1 in Armour
 19918 | Orc:1    | Entered Level 1 of the Orcish Mines
 20247 | Orc:2    | Entered Level 2 of the Orcish Mines
 20249 | Orc:2    | Noticed Josephine
 20252 | Orc:2    | Found a radiant altar of Vehumet.
 20278 | Orc:2    | Killed Josephine
 20279 | Orc:2    | Reached skill level 24 in Stealth
 20443 | Orc:2    | Lost mutation: You have sharp toenails. [Jiyva's grace]
 20443 | Orc:2    | Lost mutation: You are mostly covered in iridescent scales.
                  | (AC +4) [Jiyva's grace]
 20443 | Orc:2    | Lost mutation: You are partially covered in iridescent
                  | scales. (AC +2) [Jiyva's grace]
 20443 | Orc:2    | Lost mutation: Your spells are much harder to cast, but
                  | much more powerful. [Jiyva's grace]
 20443 | Orc:2    | Lost mutation: Your spells are harder to cast, but more
                  | powerful. [Jiyva's grace]
 20443 | Orc:2    | Lost mutation: Your melee attacks may engulf your foes in
                  | ooze. [Jiyva's grace]
 20443 | Orc:2    | Gained mutation: You are covered in slimy tendrils that may
                  | disarm your opponents. [Jiyva's grace]
 20443 | Orc:2    | Gained mutation: You are agile. (Dex +4, Str/Int -1)
                  | [Jiyva's grace]
 20443 | Orc:2    | Gained mutation: You are very agile. (Dex +8, Str/Int -2)
                  | [Jiyva's grace]
 20443 | Orc:2    | Gained mutation: Your melee attacks may engulf your foes in
                  | ooze. [Jiyva's grace]
 20632 | Orc:2    | Found Elim's Antique Weapon Boutique.
 20632 | Orc:2    | Found Viahiodd's Antique Armour Emporium.
 20638 | Orc:2    | Reached skill level 10 in Fighting
 20642 | Orc:2    | Found Quoruf's Book Boutique.
 20642 | Orc:2    | Found Pahet's Magic Scroll Emporium.
 20651 | Orc:2    | Bought a scroll of torment for 142 gold pieces
 20651 | Orc:2    | Bought a scroll of enchant armour for 112 gold pieces
 20651 | Orc:2    | Bought a scroll of identify for 30 gold pieces
 20735 | Orc:2    | Found a staircase to the Elven Halls.
 21232 | Shoals:1 | Entered Level 1 of the Shoals
 21413 | Shoals:1 | Noticed a kraken
 21470 | Shoals:1 | Killed a kraken
 21657 | Shoals:1 | Reached skill level 15 in Hexes
 21847 | Shoals:1 | Noticed Nikola
 21935 | Shoals:1 | Reached skill level 15 in Dodging
 22036 | Shoals:1 | Killed Nikola
 22106 | Shoals:1 | Found a flickering gateway to a bazaar.
 22115 | Bazaar   | Entered a bazaar
 22119 | Bazaar   | Found Cuthyor's Antique Weapon Boutique.
 22130 | Bazaar   | Found Touc's Antique Armour Shoppe.
 22138 | Bazaar   | Found Xiac's General Store.
 22146 | Bazaar   | Bought a potion of mutation for 80 gold pieces
 22146 | Bazaar   | Bought a scroll of butterflies for 40 gold pieces
 22149 | Bazaar   | Found Boqo's Jewellery Boutique.
 22157 | Bazaar   | Bought the ring of the Coward {rElec rPois EV+4 Int+2} for
                  | 876 gold pieces
 22185 | Bazaar   | Found Veusacaw's Magic Scroll Emporium.
 22193 | Bazaar   | Bought a scroll of acquirement for 572 gold pieces
 22193 | Bazaar   | Acquired a +3 quick blade of venom
 22307 | Shoals:2 | Found Iketipt's General Store.
 22440 | Shoals:2 | Lost mutation: Armour fits poorly on your large pseudopods.
                  | [Jiyva's grace]
 22440 | Shoals:2 | Lost mutation: You have a small jelly attached to you that
                  | senses nearby items. [Jiyva's grace]
 22440 | Shoals:2 | Lost mutation: Your melee attacks may engulf your foes in
                  | ooze. [Jiyva's grace]
 22440 | Shoals:2 | Gained mutation: You have sharp toenails. [Jiyva's grace]
 22440 | Shoals:2 | Gained mutation: You have razor-sharp toenails. [Jiyva's
                  | grace]
 22440 | Shoals:2 | Gained mutation: You have claws for feet. [Jiyva's grace]
 22440 | Shoals:2 | Gained mutation: You are robust. (+10% HP) [Jiyva's grace]
 22461 | Shoals:2 | Noticed Ilsuiw
 23193 | Shoals:2 | Killed Ilsuiw
 23291 | Shoals:3 | Reached skill level 25 in Stealth
 23295 | Shoals:3 | Identified the +2 robe "Emisuuklu" {rElec Slay+3}
 23306 | Shoals:3 | Got the Omnibus of Lofty Metal
 23329 | Shoals:3 | Reached XP level 17. HP: 97/99 MP: 27/27
 23418 | Shoals:3 | Found Koczuar's Weapon Emporium.
 24015 | Shoals:4 | Entered Level 4 of the Shoals
 24180 | Shoals:4 | Shot with an arrow by a satyr

Illustrated notes

Levels and vault maps discovered:
D:1:      wander_arrival_chamber, layout_basic
D:2:      minmay_kobold_bridge, layout_loops_ring, basic_altar,
          minmay_lizard_king, uniq_crazy_yiuf_cottage
D:3:      layout_rooms
D:4:      layout_basic, corexii_shack
D:5:      layout_basic, minmay_temple_entry_gardened_gates, nrook_pool_corridor
D:6:      cheibrodos_barr_body, layout_loops_ring, kennysheep_little_box,
          portal_sewer_entry_e, kennysheep_nondescript, grunt_tough_drop,
          uniq_duvessa
D:7:      gammafunk_wand_slinger, layout_basic, enter_bailey_2,
          kb_lookout_dungeons_type, hellmonk_guarded_unrand_vines, uniq_joseph
D:8:      layout_rooms, grunt_temple_overflow_open, kennysheep_doodads,
          serial_nicolae_subway, nicolae_sub_station_crystal,
          nicolae_sub_station_stone, nicolae_sub_station_metal
D:9:      layout_cave_pools, lair_entry_dummy, nicolae_elemental_shop,
          kennysheep_potato
D:10:     layout_stronghold
D:11:     layout_loops_cross, david_orc_3, grunt_qazlal_clouds
D:12:     layout_basic, uniq_azrael, uniq_urug
D:13:     layout_basic, enter_trove_1, minivault_23, nicolae_ru_awakened_eye,
          uniq_erolcha
D:14:     layout_roguey, david_vaults_1, nicolae_tso_swordbearing_angel
D:15:     grunt_enter_depths_magical_seal, layout_basic, minmay_hedge_maze,
          uniq_kirke
Temple:   nicolae_temple_no_exploring_needed
Lair:1:   layout_misc_corridors, lemuel_fruit_tree
Lair:2:   beast_lair_carwin_large_1, layout_small_grid,
          elwin_shoals_entry_stream, hellmonk_spider_entry_not_the_bees,
          st_stairs_10, grunt_forest_small_clearings, ice2_lemuel,
          uniq_prince_ribbit2
Lair:3:   layout_roguey, beast_lair_carwin_2
Lair:4:   layout_gridlike, slime_entry_1, infiniplex_staircase_pool_2,
          uniq_nessos
Lair:5:   hangedman_lair_in_review, layout_gridlike, wormcave,
          portal_ice_cave_entry_pillars_2
Shoals:1: layout_shoals, serial_shops, bzr_firewalk,
          nicolae_shoals_kraken_intersection, uniq_nikola
Shoals:2: layout_shoals, serial_shops, nicolae_square_shop, uniq_ilsuiw
Shoals:3: layout_shoals, serial_shops, shop
Shoals:4: shoals_end_hellmonk_lost_city
Orc:1:    layout_caves
Orc:2:    grunt_orc_tribal_feast, layout_caves, basic_altar, uniq_josephine

Skill      XL: |  1  2  3  4  5  6  7  8  9 10 11 12 13 14 15 16 17 |
---------------+----------------------------------------------------+-----
Stealth        | 6 7 8 9 10 12 14 17 18 20 21 23 25 | 25.5
Dodging        | 2 3 4 5 6 8 9 11 12 13 14 15 | 15.6
Fighting       | 2 3 4 5 6 7 8 9 10 | 10.5
Short Blades   | 3 4 5 6 7 8 9 10 11 12 13 | 13.5
Hexes          | 1 6 9 11 13 15 16 | 16.1
Spellcasting   | 6 |  6.6
Armour         | 2 3 |  3.5
Throwing       | |  2.0

Action                   |  1- 3 |  4- 6 |  7- 9 | 10-12 | 13-15 | 16-18 || total
-------------------------+-------+-------+-------+-------+-------+-------++-------
Melee: Dagger            |   144 |    93 |   335 |   809 |  1250 |  1171 ||  3802
       Punch             |     1 |     1 |     2 |    16 |    29 |    16 ||    65
       Pseudopods        |       |       |       |       |   256 |   333 ||   589
       Kick              |       |       |       |       |   102 |   336 ||   438
Throw: Dart              |       |    12 |     3 |     9 |       |     4 ||    28
 Cast: Cause Fear        |       |       |       |       |       |     3 ||     3
Invok: Oozemancy         |       |       |       |       |     1 |     2 ||     3
       Slimify           |       |       |       |       |       |     1 ||     1
Evoke: Wand              |       |       |       |       |       |     8 ||     8
  Use: Potion            |     2 |       |     2 |     4 |     1 |     3 ||    12
       Scroll            |       |     6 |     9 |    10 |     9 |     6 ||    40
 Stab: Sleeping          |     9 |    15 |    49 |    39 |    58 |    29 ||   199
       Distracted        |       |       |     3 |     2 |     8 |     7 ||    20
       Petrifying        |       |       |       |       |       |     1 ||     1
Armor: Robe              |    15 |     9 |    36 |   116 |   171 |    85 ||   432
Dodge: Dodged            |   110 |    47 |   204 |   759 |  1039 |   967 ||  3126
Block: Other             |       |       |       |    62 |   192 |   182 ||   436
       Reflection        |       |       |       |       |     2 |     9 ||    11

Table legend: (Time is in decaauts)
 A = Elapsed time spent in this place.
 B = Non-inter-level travel time spent in this place.
 C = Inter-level travel time spent in this place.
 D = Time resting spent in this place.
 E = Time spent auto-exploring this place.
 F = Levels seen in this place.
 G = Mean time per level.
                   A        B        C        D        E       F      G
               +--------+--------+--------+--------+--------+-----+--------+
         Total |  15741 |  14512 |   1229 |   1389 |   8250 |  31 |  507.8 |
       Dungeon |   9396 |   8504 |    892 |   1150 |   5245 |  15 |  626.4 |
        Temple |      1 |      1 |      0 |      0 |      0 |   1 |    1.0 |
          Lair |   2687 |   2510 |    177 |      0 |   1554 |   5 |  537.4 |
        Shoals |   1928 |   1823 |    105 |    138 |    761 |   4 |  482.0 |
  Orcish Mines |    721 |    667 |     54 |      0 |    469 |   2 |  360.5 |
        Bazaar |     86 |     86 |      0 |      0 |     37 |   1 |   86.0 |
         Sewer |    281 |    281 |      0 |      0 |     84 |   1 |  281.0 |
        Bailey |    404 |    404 |      0 |    100 |     35 |   1 |  404.0 |
      Ice Cave |    235 |    235 |      0 |      0 |     62 |   1 |  235.0 |
               +--------+--------+--------+--------+--------+-----+--------+

Top non-repeatable levels by time:
     D:2: 1168 daAuts
     D:6: 1051 daAuts
  Lair:2: 808 daAuts
     D:4: 791 daAuts
     D:5: 751 daAuts
  Lair:5: 730 daAuts
Shoals:2: 727 daAuts
     D:1: 692 daAuts
     D:7: 673 daAuts
    D:15: 625 daAuts
Shoals:1: 598 daAuts
    D:10: 545 daAuts
  Lair:4: 525 daAuts
    D:12: 515 daAuts
Shoals:3: 506 daAuts
